 Dungeon Crawl Stone Soup version 0.17-a0-157-g289cc6a (webtiles) character file.

588 Kisielow the Destroyer (level 7, 0/36 HPs)
             Began as a Deep Elf Conjurer on Mar 27, 2015.
             Slain by an orc wizard
             ... wielding a +0 dagger
              (6 damage)
             ... on level 4 of the Dungeon.
             The game lasted 00:19:38 (3886 turns).

Kisielow the Destroyer (Deep Elf Conjurer)          Turns: 3886, Time: 00:19:38

Health: 0/36       AC:  6    Str: 11    XL:     7   Next: 15%
Magic:  9/20       EV: 12    Int: 20    God:
Gold:   228        SH:  4    Dex: 18    Spells: 4 memorised, 0 levels left

rFire  . . .     SeeInvis .     y - +10 hand axe "Gropus" {freeze, Str+4}
rCold  . . .     Clarity  .     a - +0 robe
rNeg   + . .     SustAb   .     g - +0 buckler
rPois  .         Gourm    .     (no helmet)
rElec  .         Spirit   .     (no cloak)
rCorr  .         Warding  .     q - +0 pair of gloves
rMut   .         Stasis   .     w - +2 pair of boots {Stlth+}
MR     .....                    (no amulet)
Stlth  +++.......               v - +3 ring of dexterity
                                u - ring of positive energy

@: not resistant to hostile enchantments, fairly stealthy
A: no striking features
a: no special abilities


You were on level 4 of the Dungeon.
You were not hungry.

You visited 1 branch of the dungeon, and saw 5 of its levels.

You collected 228 gold pieces.

Inventory:

Hand weapons
 y - the +10 hand axe "Gropus" (weapon) {freeze, Str+4}
   (You found it on level 4 of the Dungeon)

   It has been specially enchanted to freeze those struck by it, causing extra
   injury to most foes and up to half again as much damage against particularly
   susceptible opponents.
   It can also slow down cold-blooded creatures.
   It affects your strength (+4).
Armour
 a - a +0 robe (worn)
 g - a +0 buckler (worn)
 q - a +0 pair of gloves (worn)
 w - a +2 pair of boots of stealth (worn)
Jewellery
 u - a ring of positive energy (left hand)
 v - a +3 ring of dexterity (right hand)
Magical devices
 x - a wand of random effects (30)
 z - a wand of flame (22)
Scrolls
 e - 5 scrolls of remove curse {unknown}
 h - 4 scrolls of recharging {unknown}
 j - 2 scrolls of fear {unknown}
 k - 3 scrolls of identify {unknown}
 m - a scroll of amnesia {unknown}
 n - 2 scrolls of magic mapping {unknown}
 p - a scroll of noise {unknown}
 t - a scroll of immolation {unknown}
Potions
 i - a potion of curing
 l - a potion of brilliance {unknown}
 o - a potion of invisibility {unknown}
 s - a potion of berserk rage {unknown}
Books
 c - a book of Conjurations

   Spells                             Type                      Level
   a - Magic Dart                     Conjuration                  1
   b - Searing Ray                    Conjuration                  2
   c - Dazzling Spray                 Conjuration/Hexes            3
   d - Fulminant Prism                Conjuration/Hexes            4
   e - Iskenderun's Mystic Blast      Conjuration                  4
   f - Iskenderun's Battlesphere      Conjuration/Charms           5
Comestibles
 b - 2 bread rations
 d - 2 fruits
 r - a beef jerky


   Skills:
 - Level 2.4 Dodging
 - Level 2.4 Stealth
 - Level 3.0 Spellcasting
 * Level 9.1 Conjurations
 * Level 3.5 Charms


You couldn't memorise any spells.
You knew the following spells:

 Your Spells              Type           Power        Failure   Level  Hunger
a - Magic Dart            Conj           ####         1%          1    None
b - Searing Ray           Conj           #####.       1%          2    ##.....
c - Iskenderun's Battles  Conj/Chrm      ####....     52%         5    ######.
d - Fulminant Prism       Conj/Hex       ###.......   38%         4    ####...


Dungeon Overview and Level Annotations

Branches:
Dungeon (5/15)
 Temple: D:4-7

Altars:
Gozag
Kikubaaqudgha
Xom


Message History

It was a potion of curing.
You feel better. Something hits you but does no damage.
The orc wizard hits you with a dagger. You block its attack.
The orc wizard casts a spell.
The orc wizard flickers and vanishes!
There is an open door here.
The magic dart hits you!
Casting: Searing Ray
Confirm with . or Enter, or press ? or * to list all spells.
Aiming: Searing Ray
Press: ? - help, Shift-Dir - straight line The searing ray hits something.
Something hits you. Something hits you.
* * * LOW HITPOINT WARNING * * *
The searing ray hits something.
Something hits you.
* * * LOW HITPOINT WARNING * * *
You hear some strange, mumbled words.
Something tries to affect you, but you resist.
You hear some strange, mumbled words.
The puff of flame misses you. Something hits you.
You die...

# #...# #.. #....### # #...# #..
+....'.. # #.<.# ###.. ##....#'#
# #...# ...####....##.# ###
###...# #.)...#....#..' #.##
#.....# ..$. +....+..# #..#
##....######'####....#.## '..#
#...##.{#...........#+## #..#
#......@{...........+...
#..########'######...........####
####................#'#..........
.# #................'.'..........
.# #................#.#..........
.# #................#.#..........
.###................#.#....#+##..
......#'###'#####...#.#....# ##+
#.....#.#....#..#...+.+....##+##.


There were no monsters in sight!

Vanquished Creatures
  A phantom (D:4)
  An ogre (D:4)
  2 orc priests (D:4)
  A centaur skeleton (D:4)
  A hound (D:4)
  2 orc wizards
  A worker ant (D:4)
  6 adders
  4 gnolls (D:2)
  3 worms
  2 oozes (D:1)
  17 orcs
  3 ball pythons
  9 bats
  5 giant cockroaches
  9 goblins
  10 hobgoblins
  4 jackals (D:1)
  11 kobolds
  2 quokkas
  3 giant geckos
  5 giant newts
  9 rats
111 creatures vanquished.

Notes
Turn   | Place    | Note
--------------------------------------------------------------
     0 | D:1      | Kisielow, the Deep Elf Conjurer, began the quest for the Orb.
     0 | D:1      | Reached XP level 1. HP: 10/10 MP: 5/5
   283 | D:1      | Reached XP level 2. HP: 15/15 MP: 6/8
   287 | D:1      | Learned a level 2 spell: Searing Ray
   317 | D:1      | Reached skill level 5 in Conjurations
   953 | D:2      | Found an ancient bone altar of Kikubaaqudgha.
   957 | D:2      | Reached XP level 3. HP: 19/19 MP: 7/10
  1063 | D:2      | Reached skill level 6 in Conjurations
  1074 | D:2      | Reached XP level 4. HP: 21/24 MP: 0/13
  1446 | D:2      | Found an opulent altar of Gozag.
  1532 | D:2      | Reached skill level 7 in Conjurations
  1532 | D:2      | Reached XP level 5. HP: 28/28 MP: 11/16
  1539 | D:2      | Learned a level 5 spell: Iskenderun's Battlesphere
  2130 | D:3      | Reached skill level 1 in Charms
  2746 | D:4      | Found a shimmering altar of Xom.
  2794 | D:4      | Got a jewelled hand axe
  2795 | D:4      | Identified the +10 hand axe "Gropus" {freeze, Str+4} (You found it on level 4 of the Dungeon)
  2803 | D:4      | Noticed an ogre
  2817 | D:4      | Killed an ogre
  2817 | D:4      | Reached XP level 6. HP: 30/32 MP: 10/18
  2993 | D:4      | Reached skill level 8 in Conjurations
  3238 | D:4      | Noticed a phantom
  3267 | D:4      | Killed a phantom
  3468 | D:5      | Entered Level 5 of the Dungeon
  3565 | D:4      | Reached XP level 7. HP: 36/36 MP: 15/20
  3572 | D:4      | Learned a level 4 spell: Fulminant Prism
  3692 | D:4      | Reached skill level 9 in Conjurations
  3886 | D:4      | Slain by an orc wizard

Action                   |  1- 3 |  4- 6 |  7- 9 || total
-------------------------+-------+-------+-------++-------
Melee: Whip              |       |     1 |       ||     1
       Hand axe          |       |     2 |     1 ||     3
 Cast: Magic Dart        |    61 |   145 |    31 ||   237
       Searing Ray       |     1 |     6 |     4 ||    11
  Use: Potion            |       |       |     1 ||     1
  Eat: Chunk             |       |     8 |     1 ||     9
